 Dungeon Crawl Stone Soup version 0.24.0-13-gcf9b319 (webtiles) character file.

Game seed: 13815301128378103284, levelgen mode: deterministic

760 Fang the Skirmisher (level 7, -3/66 HPs)
             Began as a Gargoyle Berserker on Nov 22, 2019.
             Was an Elder of Trog.
             Killed from afar by an orc wizard (11 damage)
             ... with a puff of frost
             ... on level 5 of the Dungeon.
             The game lasted 00:04:09 (4829 turns).

Fang the Skirmisher (Gargoyle Berserker)            Turns: 4829, Time: 00:04:10

Health: -3/66      AC: 17    Str: 27    XL:     7   Next: 80%
Magic:  0/7        EV:  5    Int:  8    God:    Trog [****..]
Gold:   298        SH:  8    Dex:  9    Spells: 6/6 levels left

rFire    . . .     SeeInvis .   a - +0 war axe
rCold    . . .     Gourm    .   o - +0 shield
rNeg     + . .     Faith    .   b - +0 plate armour
rPois    ∞         Spirit   +   (no helmet)
rElec    +         Reflect  .   (no cloak)
rCorr    .         Harm     .   (no gloves)
MR       .....                  (no boots)
Stlth    ..........             t - amulet of guardian spirit
HPRegen  0.21/turn              h - ring of flight
MPRegen  0.10/turn              (no ring)

@: berserking, very quick
A: negative energy resistance 1, electricity resistance, unbreathing,
petrification resistance, rot immunity, AC +4
a: Berserk, Trog's Hand, Brothers in Arms, Renounce Religion, Evoke Flight


You were on level 5 of the Dungeon.
You worshipped Trog.
Trog was greatly pleased with you.
You were very hungry.

You visited 1 branch of the dungeon, and saw 5 of its levels.

You collected 298 gold pieces.

Inventory:

Hand Weapons
 a - a +0 war axe (weapon)
Armour
 b - a +0 plate armour (worn)
 o - a +0 shield (worn)
Jewellery
 h - a ring of flight (left hand)
 t - an amulet of guardian spirit (around neck)
Wands
 s - a wand of paralysis (5)
Scrolls
 d - a scroll of random uselessness {unknown}
 e - 6 scrolls of identify {unknown}
 g - a scroll of fog {unknown}
 j - a scroll of enchant weapon {unknown}
 m - 2 scrolls of teleportation {unknown}
 n - a scroll of immolation {unknown}
 p - a scroll of enchant armour {unknown}
 q - a scroll of amnesia {unknown}
 r - a scroll of remove curse {unknown}
 u - a scroll of noise {unknown}
Potions
 f - 2 potions of curing {unknown}
 i - 2 potions of berserk rage {unknown}
 k - 3 potions of brilliance {unknown}
 l - 2 potions of agility {unknown}
 v - a potion of mutation {unknown}
 w - a potion of lignification {unknown}
 z - a potion of might {unknown}
 A - a potion of heal wounds {unknown}
Comestibles
 c - 4 rations


   Skills:
 + Level 5.6 Fighting
 + Level 4.7 Axes
 + Level 5.0 Armour
 + Level 3.6 Dodging


You had 6 spell levels left.
You didn't know any spells.
Your spell library was empty.

Dungeon Overview and Level Annotations

Branches:
Dungeon (5/15)
 Temple: D:4-7

Altars:
Hepliaklqana
Trog
Xom


Innate Abilities, Weirdness & Mutations

You are resistant to torment.
Your stone body is resilient. (AC +4)
You are immune to poison.
You resist negative energy. (rN+)
You are resistant to electric shocks. (rElec)
You can survive without breathing.
You are immune to petrification.
You are immune to rotting.


Message History

* * * LOW HITPOINT WARNING * * *
The orc wizard hits you but does no damage.
You closely miss the ogre.
The ogre is almost dead.
Your plate armour prevents you from hitting the orc wizard.
You block the orc wizard's attack. The ogre hits you with a +0 giant club!
* * * LOW HITPOINT WARNING * * *
You barely miss the ogre.
The ogre is almost dead.
You closely miss the orc wizard.
The orc wizard hits you but does no damage.
You slash the ogre!
You kill the ogre!
Trog accepts your kill.
Your Armour skill increases to level 5!
You miss the orc wizard.
The orc wizard hits you but does no damage.
The orc wizard gestures at you while chanting.
The puff of frost hits you!
You die...

###################
...................
...........))......
#.........@o......
#......###......
##.....# .....
###...## #...
##...## .. ##...# .
##..## ..# ##..##
#..# #...## #..##


You could see an orc wizard.

Vanquished Creatures
  An ice beast (D:5)
  2 ogres
  A scorpion (D:5)
  3 orc priests
  A centaur skeleton (D:3)
  4 worker ants
  2 orc wizards (D:3)
  3 adders
  2 shadow imps (D:5)
  An ooze (D:2)
  3 worms
  5 dart slugs
  4 leopard geckos
  19 orcs
  A ball python (D:4)
  7 giant cockroaches
  15 goblins
  5 hobgoblins
  5 jackals
  A quokka (D:2)
  7 bats
  5 frilled lizards
  A jackal skeleton (D:4)
  6 kobolds
  11 rats
  A bush (D:2)
116 creatures vanquished.

Notes
Turn   | Place    | Note
-------+----------+-------------------------------------------
     0 | D:1      | Fang the Gargoyle Berserker began the quest for the Orb.
     0 | D:1      | Reached XP level 1. HP: 14/14 MP: 1/1
   226 | D:1      | Reached XP level 2. HP: 4/19 MP: 2/2
   905 | D:1      | Reached ** piety under Trog
  1070 | D:1      | Reached XP level 3. HP: 15/23 MP: 3/3
  1391 | D:1      | You fall into a shaft and drop 1 floor!
  1395 | D:2      | You fall into a shaft and drop 2 floors!
  1432 | D:4      | Reached XP level 4. HP: 18/29 MP: 4/4
  1633 | D:4      | Noticed a moth of wrath
  1635 | D:4      | Found a bloodstained altar of Trog.
  2121 | D:4      | Noticed an ogre
  2130 | D:4      | Killed an ogre
  2130 | D:4      | Reached XP level 5. HP: 34/34 MP: 5/5
  2727 | D:3      | Reached XP level 6. HP: 39/39 MP: 6/6
  2777 | D:3      | Reached *** piety under Trog
  3292 | D:3      | Reached skill level 5 in Fighting
  3549 | D:2      | Found a shimmering altar of Xom.
  4047 | D:2      | Found a hazy altar of Hepliaklqana.
  4119 | D:2      | Reached XP level 7. HP: 43/44 MP: 7/7
  4472 | D:5      | Entered Level 5 of the Dungeon
  4775 | D:5      | Reached **** piety under Trog
  4829 | D:5      | Reached skill level 5 in Armour
  4829 | D:5      | Killed from afar by an orc wizard

Levels and vault maps discovered:
D:1:      roderic_chinese_lattice_arrival, layout_basic, minmay_tetromino_i2
D:2:      layout_loops_cross, lemuel_crystal_altar, lemuel_round_altar,
          minmay_hedge_maze
D:3:      layout_loops_ring
D:4:      layout_basic, tgw_trog
D:5:      minmay_thick_lines, layout_basic, first_ration,
          hangedman_abyss_or_decor_stagger

Skill      XL: |  1  2  3  4  5  6  7 |
---------------+----------------------+-----
Axes           | 3 4 |  4.7
Dodging        | 2 3 |  3.6
Armour         | 3 4 5 |  5.0
Fighting       | 4 5 |  5.6

Action                   |  1- 3 |  4- 6 |  7- 9 || total
-------------------------+-------+-------+-------++-------
Melee: Hand axe          |   110 |   363 |    90 ||   563
       War axe           |       |       |    41 ||    41
Invok: Berserk           |     1 |     5 |     1 ||     7
  Eat: Chunk             |     2 |    15 |     2 ||    19
Armor: Animal skin       |    34 |     8 |       ||    42
       Plate armour      |       |   203 |   121 ||   324
Dodge: Dodged            |    83 |   109 |    27 ||   219
Block: Shield            |       |       |    49 ||    49
